 Dungeon Crawl Stone Soup version 0.22.0 (webtiles) character file.

17 Lew the Skirmisher (level 2, -3/24 HPs)
             Began as a Formicid Abyssal Knight on Aug 10, 2018.
             Was a Follower of Lugonu.
             Slain by a gnoll
             ... wielding a +0 club
              (8 damage)
             ... on level 1 of the Dungeon.
             The game lasted 00:02:14 (1087 turns).

Lew the Skirmisher (Formicid Abyssal Knight)        Turns: 1087, Time: 00:02:15

Health: -3/24      AC:  3    Str: 16    XL:     2   Next: 80%
Magic:  3/3        EV: 11    Int: 11    God:    Lugonu [*.....]
Gold:   66         SH:  0    Dex: 10    Spells: 1/1 levels left

rFire    . . .     SeeInvis +   a - +1 spear
rCold    . . .     Gourm    .   (no shield)
rNeg     . . .     Faith    .   b - +0 leather armour
rPois    .         Spirit   .   (helmet unavailable)
rElec    .         Reflect  .   (no cloak)
rCorr    .         Harm     .   (no gloves)
MR       .....                  (no boots)
Stlth    +.........             (no amulet)
HPRegen  0.08/turn              (no ring)
MPRegen  0.08/turn              (no ring)

@: no status effects
A: permanent stasis, dig shafts and tunnels, four strong arms, antennae 3
a: Dig, Shaft Self, Depart the Abyss, Renounce Religion


You were on level 1 of the Dungeon.
You worshipped Lugonu.
Lugonu was aware of your devotion.
You were hungry.

You visited 1 branch of the dungeon, and saw 1 of its levels.
You visited the Abyss 1 time.

You collected 66 gold pieces.

Inventory:

Hand Weapons
 a - a +1 spear (weapon)
Armour
 b - a +0 leather armour (worn)
Scrolls
 e - a scroll of identify {unknown}
Potions
 d - a potion of haste {unknown}
Comestibles
 c - 2 rations


   Skills:
 * Level 3.5 Fighting
 * Level 2.2 Polearms
 * Level 2.5 Armour
 + Level 1.0 Dodging
 * Level 1.0 Stealth
 + Level 2.4 Invocations


You had one spell level left.
You didn't know any spells.
Your spell library was empty.

Dungeon Overview and Level Annotations

Branches:
Dungeon (1/15)

Altars:


Innate Abilities, Weirdness & Mutations

You cannot be hasted, slowed, berserked, paralysed or teleported.
You can dig through walls and to a lower floor.
Your four strong arms can wield two-handed weapons with a shield.
You have a pair of large antennae on your head. (SInv)


Message History

The gnoll barely misses you.
You barely miss the gnoll.
The gnoll is heavily wounded.
You closely miss the gnoll.
The gnoll is heavily wounded.
The gnoll closely misses you.
You completely miss the gnoll.
The gnoll is heavily wounded.
The gnoll hits you with a club.
You hit the gnoll.
The gnoll is heavily wounded.
The gnoll hits you with a club.
* * * LOW HITPOINT WARNING * * *
You barely miss the gnoll.
The gnoll is heavily wounded.
The gnoll barely misses you.
You hit the gnoll.
The gnoll is almost dead.
The gnoll hits you with a club!
You die...

.##### #.########.# .....#
#.#......#.# .....#
#.#.###.##.### .....# #.#[#
#......# ###### #.#.# #..#..##
#.#.# #).#..# #.#># #..#..#
...########.#.# #..#..#
......g@....#.# #..#..#
###############.# ...#..#
###P#P#P#P#P### #.# ##.#..#
#.............# #.# #..#
#............<# #.######..#
#.............# #.........#
######.#P#P#P#P#P#############.#
.......###########.............#
.........##. ..#.#############


You could see a gnoll.

Vanquished Creatures
  A dart slug (D:1)
  A giant cockroach (D:1)
  A goblin (D:1)
  A hobgoblin (D:1)
  2 jackals (D:1)
  A ball python (D:1)
  A bat (D:1)
  5 kobolds (D:1)
  2 rats (D:1)
15 creatures vanquished.

Notes
Turn   | Place    | Note
-------+----------+-------------------------------------------
     0 | Abyss:1  | Lew the Formicid Abyssal Knight began the quest for the Orb.
     0 | Abyss:1  | Reached XP level 1. HP: 18/18 MP: 2/2
    99 | Abyss:1  | Noticed a red very ugly thing
   102 | Abyss:1  | Noticed a small abomination
   107 | Abyss:1  | Found a corrupted altar of Lugonu.
   110 | Abyss:1  | Noticed a small abomination
   115 | D:1      | Escaped the Abyss
   428 | D:1      | Reached skill level 1 in Dodging
   481 | D:1      | Reached XP level 2. HP: 20/24 MP: 3/3
   680 | D:1      | Reached * piety under Lugonu
  1026 | D:1      | Reached skill level 1 in Stealth
  1087 | D:1      | Slain by a gnoll

Skill      XL: |  1  2 |
---------------+-------+-----
Dodging        | 1 |  1.0
Stealth        | 1 |  1.0
Fighting       | |  3.5
Polearms       | |  2.2
Armour         | |  2.5
Invocations    | |  2.4

Action                   || total
-------------------------++-------
Melee: Spear             ||    66
Invok: Depart the Abyss  ||     1
 Stab: Sleeping          ||     1
Armor: Leather armour    ||     6
Dodge: Dodged            ||    30
